 Dungeon Crawl Stone Soup version 0.31-a0-795-g5eb97db20b (webtiles) character file.

Game seed: 12258980375635144607

491 freelancePsychic the Trooper (level 7, 0/53 HPs)
             Began as a Djinni Shapeshifter on Sept 18, 2023.
             Was an Initiate of Cheibriados.
             Slain by a black bear (1 damage)
             ... on level 4 of the Dungeon.
             The game lasted 00:06:56 (4078 turns).

freelancePsychic the Trooper (Djinni Shapeshifter)  Turns: 4078, Time: 00:06:57

Health: 0/53       AC:  3    Str: 14    XL:     7   Next: 37%
Gold:   184        EV: 12    Int: 14    God:    Cheibriados [......] SH:  0 Dex: 14

rFire   + + .        e - +0 short sword
rCold   x . .        (no shield)
rNeg    . . .        l - +0 leather armour
rPois   ∞            (helmet currently unavailable)
rElec   .            (cloak currently unavailable)
rCorr   .            (gloves currently unavailable)
SInv    .            (boots unavailable)
Will    .....        (no amulet)
Stlth   +            (no ring)
HPRegen 0.28/turn    (no ring)
MPRegen 0.00/turn

%: infuse magic (-1 HP)
@: beast-form, flying, very slightly contaminated, slow
A: beast (slay +1), flying, sickness immunity, fire resistance 2, cold
vulnerability 1, float, innate caster, HP casting, extra vitality 1
a: Begin Untransformation, Renounce Religion


You were on level 4 of the Dungeon.
You worshipped Cheibriados.
Cheibriados was noncommittal.
You were a hulking beast.
You visited 2 branches of the dungeon, and saw 6 of its levels.

You collected 184 gold pieces.

Inventory:

Hand Weapons
 e - a +0 short sword (weapon)
 m - a +0 quarterstaff
 s - a +0 sling
Armour
 a - a +0 animal skin
 l - a +0 leather armour (worn)
 o - a +0 cloak
Jewellery
 i - a ring of fire
 t - a ring of fire
Talismans
 c - a beast talisman (active)
 d - a flux talisman
Scrolls
 g - a scroll of revelation
 n - 2 scrolls of teleportation {@r4}
 r - 2 scrolls of blinking
 v - a scroll of immolation
Potions
 b - a potion of lignification
 f - a potion of mutation {unknown}
 h - a potion of magic {unknown}
 j - 3 potions of curing {unknown}
 k - a potion of degeneration {unknown}
 q - a potion of ambrosia
 u - a potion of heal wounds {unknown}


   Skills:
 + Level 4.3 Fighting
 + Level 3.3 Short Blades
 - Level 2.1 Dodging
 - Level 3.0 Unarmed Combat
 - Level 2.9 Spellcasting
 - Level 2.9 Conjurations
 - Level 2.9 Hexes
 - Level 2.9 Summonings
 - Level 2.9 Necromancy
 - Level 2.9 Translocations
 - Level 2.9 Transmutations
 - Level 2.9 Fire Magic
 - Level 2.9 Ice Magic
 - Level 2.9 Air Magic
 - Level 2.9 Earth Magic
 - Level 2.9 Poison Magic
 - Level 2.6 Shapeshifting


You knew the following spells:

 Your Spells              Type           Power      Damage    Failure   Level
a - Slow                  Hex            40%        N/A       9%          1
b - Blink                 Tloc           20%        N/A       13%         2
c - Wereblood             Tmut           10%        N/A       13%         2
Your spell library was empty.

Dungeon Overview and Level Annotations

Branches:
Dungeon (5/15)             Temple (1/1) D:5

Altars:
Cheibriados
Dithmenos
Elyvilon
Fedhas
Makhleb
Nemelex Xobeh
Okawaru
Qazlal
Ru
Trog
Uskayaw
Wu Jian
Xom
Yredelemnul
Zin
The Shining One

Annotations:
D:3 1 runed translucent door, gelatine's ghost, amateur DsFE
D:4 1 runed translucent door, Crazy Yiuf


Innate Abilities, Weirdness & Mutations

You are a hulking beast.
Your limbs bulge with bestial killing power. (Slay +1)
You are flying.
You are immune to sickness and miasma.
You are immune to poison.
Your flesh is very heat resistant. (rF++)
You are vulnerable to cold. (rC-)
You float through the air rather than walking.
You learn spells naturally, not from books.
Your magical power is your life essence.
You have superior vitality. (+4 MHP)


Message History

The black bear claws you but does no damage.
The black bear closely misses you.
You hit the black bear.
The black bear is moderately wounded.
You hit the black bear.
The black bear is moderately wounded.
The black bear closely misses you. The black bear barely misses you.
The black bear claws you.
You hit the black bear.
The black bear is heavily wounded.
You hit the black bear.
The black bear is severely wounded.
The black bear bites you.
The black bear claws you but does no damage. x2
You hit the black bear.
The black bear is almost dead.
The black bear shakes off its lethargy.
The black bear goes berserk!
You completely miss the black bear.
The black bear is almost dead.
The black bear bites you!
The black bear claws you but does no damage.
The black bear claws you.
You closely miss the black bear.
The black bear is almost dead.
The black bear bites you!
* * * LOW HITPOINT WARNING * * *
The black bear closely misses you. The black bear claws you.
* * * LOW HITPOINT WARNING * * *
Casting: Slow (safe; 9% risk of failure)
Confirm with . or Enter, or press ? or * to list all spells.
You miscast Wereblood.
You are very lightly contaminated with residual magic.
Nothing appears to happen.
* * * LOW HITPOINT WARNING * * *
The black bear bites you.
* * * LOW HITPOINT WARNING * * *
The black bear misses you. The black bear claws you.
* * * LOW HITPOINT WARNING * * *
The black bear barely misses you. x2; The black bear claws you.
You die...

..###...........##...#
#.#............###...#
..#...#........[##...#
###.###..........#...##
.##.##....#...........###
#....#..............###.#
..................####..##
........#.........#.#....#
.##...###......hh.......##
###....##......##.....###
##......#......######.#
##.....###.....# ###
##.......#.##..##
........##......######
.<...................#
.............#...###.#
....############## #.#


You could see a black bear (berserk).

Vanquished Creatures
  An ice beast (D:5)
  A scorpion (D:5)
  3 electric eels (D:3)
  2 hounds (D:4)
  2 orc wizards (D:5)
  An iguana (D:5)
  3 adders
  3 dart slugs
  5 orcs
  5 ball pythons
  6 endoplasms
  A giant cockroach (D:4)
  4 goblins
  4 hobgoblins
  3 jackals (D:4)
  2 quokkas
  A bat (D:1)
  3 frilled lizards
  5 kobolds
  6 rats
61 creatures vanquished.

Notes
Turn   | Place    | Note
-------+----------+-------------------------------------------
     0 | D:1      | freelancePsychic the Djinni Shapeshifter began the quest
                  | for the Orb.
     0 | D:1      | Reached XP level 1. HP: 17/17 MP: 0/0
   137 | D:1      | Reached XP level 2. HP: 20/22 MP: 0/0
   205 | D:1      | Reached skill level 1 in Spellcasting
   205 | D:1      | Reached skill level 1 in Conjurations
   205 | D:1      | Reached skill level 1 in Hexes
   205 | D:1      | Reached skill level 1 in Summonings
   205 | D:1      | Reached skill level 1 in Necromancy
   205 | D:1      | Reached skill level 1 in Translocations
   205 | D:1      | Reached skill level 1 in Transmutations
   205 | D:1      | Reached skill level 1 in Fire Magic
   205 | D:1      | Reached skill level 1 in Ice Magic
   205 | D:1      | Reached skill level 1 in Air Magic
   205 | D:1      | Reached skill level 1 in Earth Magic
   205 | D:1      | Reached skill level 1 in Poison Magic
   869 | D:2      | Reached XP level 3. HP: 28/28 MP: 0/0
   869 | D:2      | Learned a level 1 spell: Slow
   936 | D:2      | You are sucked into a shaft and drop 1 floor!
   955 | D:3      | Found a transporter.
  1099 | D:3      | Reached skill level 2 in Fighting
  1099 | D:3      | Reached skill level 1 in Short Blades
  1099 | D:3      | Reached XP level 4. HP: 33/33 MP: 0/0
  1380 | D:3      | Reached XP level 5. HP: 30/39 MP: 0/0
  1380 | D:3      | Learned a level 2 spell: Blink
  1423 | D:3      | Found a transporter.
  1499 | D:3      | Found a runed translucent door.
  1507 | D:3      | Noticed gelatine's ghost (amateur DsFE)
  1533 | D:3      | Found a faded altar of an unknown god.
  1535 | D:3      | Noticed an eye of devastation
  1535 | D:3      | Noticed a floating eye
  1539 | D:3      | Noticed an eye of devastation
  1539 | D:3      | Noticed a great orb of eyes
  2138 | D:3      | Found a sacrificial altar of Ru.
  2146 | D:3      | Became a worshipper of Ru the Awakened
  2479 | D:4      | Reached skill level 3 in Fighting
  2479 | D:4      | Reached XP level 6. HP: 30/46 MP: 0/0
  2833 | D:4      | Found a runed translucent door.
  2834 | D:4      | Noticed Crazy Yiuf
  3199 | D:5      | Entered Level 5 of the Dungeon
  3328 | D:5      | Found a staircase to the Ecumenical Temple.
  3350 | D:5      | Noticed an ice beast
  3387 | D:5      | Noticed an ogre
  3387 | D:5      | Killed an ice beast
  3388 | D:5      | Reached skill level 4 in Fighting
  3388 | D:5      | Reached XP level 7. HP: 23/52 MP: 0/0
  3388 | D:5      | Learned a level 2 spell: Wereblood
  3442 | D:5      | Found a glowing golden altar of the Shining One.
  3767 | Temple   | Entered the Ecumenical Temple
  3809 | Temple   | Fell from the grace of Ru
  3809 | Temple   | Became a worshipper of Cheibriados the Contemplative
  4078 | D:4      | HP: 1/53 [black bear (3)]
  4078 | D:4      | Slain by a black bear

Illustrated notes

Levels and vault maps discovered:
D:1:      amcnicky_arrival_feature_with_door, layout_loops_ring,
          chequers_hall_statues_wall_a
D:2:      layout_basic, grunt_decor_mini_mirrors
D:3:      gammafunk_steamed_eel, layout_basic, nicolae_ru_sacrificial_ziggurat,
          hellmonk_ecumenical_altar_watching_god, ebering_ghost_inner_flame,
          minmay_puff
D:4:      layout_cave_pools, uniq_crazy_yiuf_cottage
D:5:      layout_layer_cave, kennysheep_mini_moat,
          grunt_temple_overflow_diamond, minmay_temple_entry_slanted,
          hellmonk_no_cap
Temple:   minmay_temple_curvy_branch

Skill      XL: |  1  2  3  4  5  6  7 |
---------------+----------------------+-----
Spellcasting   | 1 2 |  2.9
Conjurations   | 1 2 |  2.9
Hexes          | 1 2 |  2.9
Summonings     | 1 2 |  2.9
Necromancy     | 1 2 |  2.9
Translocations | 1 2 |  2.9
Transmutations | 1 2 |  2.9
Fire Magic     | 1 2 |  2.9
Ice Magic      | 1 2 |  2.9
Air Magic      | 1 2 |  2.9
Earth Magic    | 1 2 |  2.9
Poison Magic   | 1 2 |  2.9
Fighting       | 2 3 4 |  4.3
Short Blades   | 1 2 3 |  3.3
Dodging        | |  2.1
Unarmed Combat | |  3.0
Shapeshifting  | |  2.6

Action                     |  1- 3 |  4- 6 |  7- 9 || total
---------------------------+-------+-------+-------++-------
  Melee: Unarmed           |    48 |       |       ||    48
         Short sword       |     3 |   132 |    70 ||   205
         Punch             |       |     2 |     2 ||     4
   Fire: Sling             |       |    41 |       ||    41
   Cast: Blink             |       |     4 |       ||     4
         Slow              |       |     5 |     6 ||    11
         Wereblood         |       |       |     2 ||     2
  Evoke: Wand              |     2 |     4 |       ||     6
    Use: Scroll            |     1 |     4 |       ||     5
 Armour: Animal skin       |     5 |       |       ||     5
         Leather armour    |    13 |    78 |    52 ||   143
  Dodge: Dodged            |    22 |   102 |    41 ||   165

Table legend: (Time is in decaauts)
 A = Elapsed time spent in this place.
 B = Non-inter-level travel time spent in this place.
 C = Inter-level travel time spent in this place.
 D = Time resting spent in this place.
 E = Time spent auto-exploring this place.
 F = Levels seen in this place.
 G = Mean time per level.
                   A        B        C        D        E       F      G
               +--------+--------+--------+--------+--------+-----+--------+
         Total |   4117 |   3852 |    265 |    428 |   2635 |   6 |  686.2 |
       Dungeon |   4046 |   3831 |    215 |    428 |   2616 |   5 |  809.2 |
        Temple |     70 |     21 |     49 |      0 |     19 |   1 |   70.0 |
               +--------+--------+--------+--------+--------+-----+--------+

Top non-repeatable levels by time:
     D:3: 1461 daAuts
     D:4: 963 daAuts
     D:1: 820 daAuts
     D:5: 689 daAuts
     D:2: 111 daAuts
  Temple: 70 daAuts
